 Dungeon Crawl Stone Soup version 0.24.1-14-gf8d2b509d9 (webtiles) character file.

Game seed: 12687859210100668773, levelgen mode: deterministic

9550 CakeIsGreat the Fighter (level 11, -3/72 HPs)
             Began as a Gargoyle Fighter on June 1, 2020.
             Was a High Priest of Okawaru.
             Slain by an acid dragon (8 damage)
             ... on level 10 of the Dungeon on June 2, 2020.
             The game lasted 00:26:13 (11728 turns).

CakeIsGreat the Fighter (Gargoyle Fighter)         Turns: 11728, Time: 00:26:14

Health: -3/72      AC:  7    Str: 29    XL:     11   Next: 48%
Magic:  14/14      EV: 10    Int:  8    God:    Okawaru [*****.]
Gold:   161        SH:  0    Dex:  6    Spells: 10/10 levels left

rFire    . . .     SeeInvis .   A - +7 mace of the Blessed Realm {freeze, +Fly rPois Dex-3}
rCold    . . .     Gourm    .   O - +0 buckler
rNeg     + + .     Faith    .   b - +0 scale mail
rPois    ∞         Spirit   .   p - +0 hat {MR+}
rElec    +         Reflect  .   I - scarf {cloud immunity}
rCorr    .         Harm     .   D - +0 pair of gloves "Ajibbeb" {Str+5}
MR       +....                  E - +0 pair of boots
Stlth    ..........             (no amulet)
HPRegen  0.22/turn              F - ring of positive energy
MPRegen  0.14/turn              (no ring)

@: confused, corroded
A: negative energy resistance 1, electricity resistance, unbreathing,
petrification resistance, rot immunity, AC +8
a: Heroism, Finesse, Renounce Religion, Evoke Flight


You were on level 10 of the Dungeon.
You worshipped Okawaru.
Okawaru was extremely pleased with you.
You were not hungry.

You visited 2 branches of the dungeon, and saw 12 of its levels.
You also visited: Sewer and Bailey.

You collected 620 gold pieces.
You spent 459 gold pieces at shops.

Inventory:

Hand Weapons
 a - a +1 flail
 A - the +7 mace of the Blessed Realm (weapon) {freeze, +Fly rPois Dex-3}
   (You found it on level 7 of the Dungeon)

   It has been specially enchanted to freeze those struck by it, causing extra
   injury to most foes and up to half again as much damage against particularly
   susceptible opponents.
   It can also slow down cold-blooded creatures.
   It affects your dexterity (-3).
   It protects you from poison.
   It lets you fly.
 J - the +0 whip of Fee Simple {drain, rElec rPois rC- Str+3}
   (You bought it in a shop on level 9 of the Dungeon)

   A truly terrible weapon, it drains the life of those it strikes.
   It affects your strength (+3).
   It makes you vulnerable to cold.
   It insulates you from electricity.
   It protects you from poison.
Missiles
 g - 266 stones
 z - 3 boomerangs
 B - 5 javelins (quivered)
Armour
 b - a +0 scale mail (worn)
 c - a +0 shield
 k - a +0 pair of gloves
 p - a +0 hat of magic resistance (worn)
 D - the +0 pair of gloves "Ajibbeb" (worn) {Str+5}
   (You bought it in a shop on level 6 of the Dungeon)

   It affects your strength (+5).
 E - a +0 pair of boots (worn)
 I - a scarf of cloud immunity (worn)
 O - a +0 buckler (worn)
Jewellery
 F - a ring of positive energy (left hand)
Wands
 s - a wand of flame (10)
 K - a wand of random effects (10)
Scrolls
 e - 2 scrolls of remove curse
 h - a scroll of fog
 i - a scroll of fear
 l - 10 scrolls of teleportation
 n - 2 scrolls of enchant weapon
 t - 2 scrolls of amnesia
 y - a scroll of immolation
 G - 2 scrolls of identify
Potions
 d - a potion of might
 j - 5 potions of heal wounds
 m - a potion of ambrosia
 o - 4 potions of flight
 q - a potion of cancellation
 r - 3 potions of lignification
 u - a potion of mutation
 v - 6 potions of curing
 w - a potion of haste
 x - 2 potions of brilliance
Comestibles
 f - 17 rations


   Skills:
 * Level 9.8 Fighting
 * Level 8.7 Maces & Flails
 + Level 5.0 Throwing
 * Level 9.8 Armour
 + Level 7.2 Shields
 + Level 4.4 Invocations
 + Level 3.5 Evocations


You had 10 spell levels left.
You didn't know any spells.
Your spell library contained the following spells:

 Spells                   Type           Power        Failure   Level  Hunger
 Animate Skeleton         Necr           N/A          63%         1    ##.....
 Apportation              Tloc           #.....       63%         1    ##.....
 Confusing Touch          Hex            #.....       63%         1    ##.....
 Corona                   Hex            #......      63%         1    ##.....
 Summon Butterflies       Summ           #.......     63%         1    ##.....
 Summon Small Mammal      Summ           #...         63%         1    ##.....
 Ensorcelled Hibernation  Hex/Ice        #.....       77%         2    ###....
 Call Canine Familiar     Summ           #.......     94%         3    ####...
 Confuse                  Hex            #.......     94%         3    ####...
 Dazzling Spray           Conj/Hex       #.....       94%         3    ####...
 Gell's Gravitas          Tloc           #.........   94%         3    ####...
 Tukima's Dance           Hex            #.......     94%         3    ####...
 Petrify                  Tmut/Erth      #.......     100%        4    #####..
 Summon Ice Beast         Ice/Summ       #.......     100%        4    #####..
 Borgnjor's Vile Clutch   Necr/Erth      #.........   100%        5    ######.
 Metabolic Englaciation   Hex/Ice        #.........   100%        5    ######.
 Silence                  Hex/Air        #.........   100%        5    ######.
 Summon Mana Viper        Hex/Summ       #.......     100%        5    ######.
 Yara's Violent Unravell  Hex/Tmut       #.........   100%        5    ######.
 Darkness                 Hex            #.........   100%        6    #######
 Shadow Creatures         Summ           N/A          100%        6    #######
 Summon Hydra             Summ           #.........   100%        7    #######


Dungeon Overview and Level Annotations

Branches:
Dungeon (11/15)            Temple (1/1) D:6           Sewer (visited)
 Bailey (visited)
   Lair: D:8-11         Orc: D:9-12

Altars:
Ashenzari
Cheibriados
Dithmenos
Elyvilon
Fedhas
Gozag
Hepliaklqana
Kikubaaqudgha
Makhleb
Nemelex Xobeh
Okawaru
Qazlal
Ru
Sif Muna
Trog
Uskayaw
Vehumet
Wu Jian
Xom
Yredelemnul
Zin
The Shining One

Shops:
D:6 [   D:8 [   D:9 (


Innate Abilities, Weirdness & Mutations

You are resistant to torment.
Your stone body is resilient. (AC +8)
You are immune to poison.
You resist negative energy. (rN+)
You are resistant to electric shocks. (rElec)
You can survive without breathing.
You are immune to petrification.
You are immune to rotting.


Message History

The acid dragon is lightly wounded.
The acid dragon spits acid at you. The splash of acid hits you.
You are splashed with acid!
You hit the acid dragon but do no damage.
The acid dragon is lightly wounded.
The acid dragon bites you.
The acid dragon claws you but does no damage.
Evoke which item? (* to show all) (? for menu, Esc to quit)
Aiming: Random Effects
Press: ? - help, Shift-Dir - straight line, f - acid dragon
Aim: an acid dragon (lightly wounded, catching its breath)
The acid dragon struggles to resist.
The acid dragon spits acid at you. The splash of acid hits you!
* * * LOW HITPOINT WARNING * * *
The acid corrodes you!
You are splashed with acid!
* * * LOW HITPOINT WARNING * * *
You are confused.
You feel invigorated. The acid dragon bites you!
You die...

#.######## #.# ..# #.#
... #.# #.# #.###+### #
#.# #}##....#####.#.#
##.##....##....#.#######
.................D.>....
......<......# #@#
...##....###.# ###
.............
##..########.# ##D# #.##
#...≈≈≈P...≈≈ #..#
#........%.≈≈ # ##D##
........≈.≈≈ .# #D.#
...PP.≈≈≈≈≈


You could see an acid dragon.

Vanquished Creatures
  A two-headed ogre (D:10)
  The ghost of ezni the Alchemist, a novice MfTm of Uskayaw (D:7)
  A gargoyle (D:9)
  A troll (D:10)
  4 hippogriffs
  6 yaks (D:10)
  2 water moccasins (D:10)
  Duvessa (D:6)
  2 ice beasts
  6 orc warriors
  4 phantoms
  5 sky beasts
  6 ogres
  7 centaurs
  A crocodile (D:10)
  3 big kobolds
  A wyvern zombie (D:10)
  5 bullfrogs
  Blork the orc (D:6)
  Dowan (D:6)
  A wyvern skeleton (D:8)
  5 scorpions
  5 killer bees (D:9)
  3 wights (D:9)
  2 howler monkeys
  5 crimson imps
  A bullfrog zombie (D:10)
  2 centaur zombies (D:10)
  3 jellies
  2 bullfrog skeletons
  5 hounds
  An orc priest (D:6)
  A centaur skeleton (D:10)
  7 orc wizards
  6 worker ants
  2 iguanas
  2 hound zombies
  2 hound skeletons
  3 worker ant zombies
  A howler monkey zombie (D:10)
  17 adders
  4 gnolls (D:4)
  4 river rats
  8 shadow imps
  2 adder skeletons
  2 worms
  4 leopard geckos
  50 orcs
  9 giant cockroaches
  7 goblins
  3 hobgoblins (D:1)
  15 jackals
  5 quokkas
  4 ball pythons
  6 bats
  12 frilled lizards
  25 kobolds
  A leopard gecko skeleton (D:4)
  A quokka zombie (D:5)
  11 rats
308 creatures vanquished.

Notes
Turn   | Place    | Note
-------+----------+-------------------------------------------
     0 | D:1      | CakeIsGreat the Gargoyle Fighter began the quest for the
                  | Orb.
     0 | D:1      | Reached XP level 1. HP: 14/14 MP: 1/1
   113 | D:1      | Reached XP level 2. HP: 16/19 MP: 2/2
   805 | D:1      | Reached XP level 3. HP: 14/24 MP: 3/3
  1197 | D:2      | Reached XP level 4. HP: 29/29 MP: 4/4
  1204 | D:2      | Found a shimmering blue altar of Sif Muna.
  1432 | D:2      | Reached skill level 1 in Throwing
  2412 | D:4      | Reached XP level 5. HP: 27/34 MP: 5/5
  2713 | D:4      | Found a glowing golden altar of the Shining One.
  2716 | D:4      | Found a sparkling altar of Nemelex Xobeh.
  2725 | D:4      | Found a glowing drain.
  2742 | Sewer    | Entered a sewer
  3197 | D:4      | Reached XP level 6. HP: 36/39 MP: 6/6
  3407 | D:4      | Noticed a phantom
  3469 | D:4      | Killed a phantom
  3600 | D:4      | Noticed an ice beast
  3629 | D:4      | Killed an ice beast
  3629 | D:4      | Reached skill level 5 in Fighting
  3629 | D:4      | Reached skill level 5 in Armour
  3629 | D:4      | Reached XP level 7. HP: 19/44 MP: 7/7
  3819 | D:5      | Entered Level 5 of the Dungeon
  4638 | D:6      | Found a staircase to the Ecumenical Temple.
  4681 | D:5      | Reached XP level 8. HP: 33/51 MP: 8/8
  4826 | Temple   | Entered the Ecumenical Temple
  5226 | Temple   | Became a worshipper of Warmaster Okawaru
  5261 | D:6      | Noticed Duvessa
  5262 | D:6      | Noticed Dowan
  5273 | D:6      | Killed Duvessa
  5286 | D:6      | Killed Dowan
  5286 | D:6      | Reached skill level 5 in Maces & Flails
  5416 | D:6      | Noticed Blork the orc
  5431 | D:6      | Killed Blork the orc
  5464 | D:6      | Reached skill level 5 in Shields
  5612 | D:6      | Reached * piety under Okawaru
  5781 | D:6      | Reached XP level 9. HP: 35/56 MP: 9/9
  5834 | D:6      | Found a white marble altar of Elyvilon.
  5873 | D:6      | Found Ruisau's Armour Shop.
  5882 | D:6      | Bought the +0 pair of gloves "Ajibbeb" {Str+5} for 264 gold
                  | pieces
  6410 | D:7      | Reached ** piety under Okawaru
  6412 | D:7      | Found a flagged portal.
  6499 | Bailey   | Entered a bailey
  6699 | D:7      | Reached skill level 1 in Invocations
  7082 | D:7      | Got a fine mace
  7083 | D:7      | Identified the +7 mace of the Blessed Realm {freeze, +Fly
                  | rPois Dex-3} (You found it on level 7 of the Dungeon)
  7303 | D:7      | Found a bloodstained altar of Trog.
  7303 | D:7      | Found a blossoming altar of Fedhas.
  7308 | D:7      | Found a shimmering altar of Xom.
  7310 | D:7      | Found a faded altar of an unknown god.
  7311 | D:7      | Found a shattered altar of Ashenzari.
  7444 | D:7      | Found a runed translucent gate.
  7445 | D:7      | Found a runed translucent gate.
  7446 | D:7      | Found a runed translucent gate.
  7448 | D:7      | Noticed ezni's ghost (novice MfTm)
  8008 | D:8      | Reached skill level 1 in Evocations
  8032 | D:8      | Reached *** piety under Okawaru
  8054 | D:8      | Noticed a +0 hand axe
  8057 | D:8      | Noticed a +0 hand axe
  8067 | D:8      | Found a hide-covered altar of Uskayaw.
  8193 | D:8      | Found Dudwieq's Antique Armour Boutique.
  8380 | D:8      | Reached XP level 10. HP: 64/64 MP: 11/11
  8676 | D:8      | Found a sacrificial altar of Ru.
  9097 | D:9      | Found Xiroug's Antique Weapon Shop.
  9138 | D:9      | Bought an ebony whip for 195 gold pieces
  9138 | D:9      | Identified the cursed +0 whip of Fee Simple {drain, rElec
                  | rPois rC- Str+3} (You bought it in a shop on level 9 of the
                  | Dungeon)
  9217 | D:9      | Noticed a gargoyle
  9243 | D:9      | Killed a gargoyle
  9807 | D:10     | Entered Level 10 of the Dungeon
  9877 | D:10     | Reached **** piety under Okawaru
 10422 | D:10     | Reached ***** piety under Okawaru
 10506 | D:10     | Reached XP level 11. HP: 71/71 MP: 13/13
 10737 | D:10     | Found a blossoming altar of Fedhas.
 10748 | D:10     | Found a glowing golden altar of the Shining One.
 10748 | D:10     | Found a shimmering altar of Xom.
 10748 | D:10     | Found a basalt altar of Yredelemnul.
 10789 | D:10     | Noticed a rakshasa
 11144 | D:7      | Killed ezni's ghost
 11144 | D:7      | Reached skill level 5 in Throwing
 11399 | D:11     | Noticed a two-headed ogre
 11419 | D:10     | Killed a two-headed ogre
 11727 | D:10     | HP: 2/72 [acid (16)]
 11728 | D:10     | Slain by an acid dragon

Levels and vault maps discovered:
D:1:      beargit_arrival_greenhouse, layout_basic, minmay_unequal
D:2:      layout_rooms, lemuel_doored_altar
D:3:      layout_loops_corners, hangedman_feature_mirror,
          kennysheep_generic_room_8
D:4:      layout_loops_corners, nicolae_overflow_hidden_temple, first_ration,
          portal_sewer_entry_b, minivault_25, minivault_1
D:5:      layout_basic
D:6:      layout_basic, kennysheep_little_box,
          minmay_temple_entry_drinking_statues, serial_shops, shop,
          uniq_blork_the_orc, uniq_duvessa
D:7:      layout_basic, chequers_temple_overflow_minitemple, enter_bailey_2,
          gammafunk_ghost_necromancy
D:8:      layout_loops_ring, dancing_weapons_uskayaw, marbit_many_paths,
          serial_shops, nicolae_shop_crystal, blue_anna_alchemist
          [blue_anna_fruit_fields, blue_anna_fruit_fields]
D:9:      layout_stronghold, serial_shops, shop_statue
D:10:     minmay_the_grid_octo_tiled_octocenter [minmay_the_grid_octo_shrine,
          minmay_the_grid_octo_focus, minmay_the_grid_octo_checkered,
          minmay_the_grid_octo_checkerflower,
          minmay_the_grid_octo_prize_single_spiral,
          minmay_the_grid_square_5x5_checkered_sparse,
          minmay_the_grid_square_5x5_inner_z, minmay_the_grid_square_5x5_lines,
          minmay_the_grid_square_5x5_shuriken], layout_basic, pond
D:11:     giant_chief_lemuel, layout_loops_cross, minmay_lair_entry_grove,
          nicolae_trove_entry_crystal
Temple:   minmay_temple_forest_path

Skill      XL: |  1  2  3  4  5  6  7  8  9 10 11 |
---------------+----------------------------------+-----
Armour         | 4 5 6 8 9 |  9.8
Fighting       | 4 5 6 8 9 |  9.8
Throwing       | 1 2 3 4 5 |  5.0
Maces & Flails | 3 4 5 7 8 |  8.7
Shields        | 4 5 6 7 |  7.2
Invocations    | 2 3 4 |  4.4
Evocations     | 1 2 3 |  3.5

Action                   |  1- 3 |  4- 6 |  7- 9 | 10-12 || total
-------------------------+-------+-------+-------+-------++-------
Melee: Flail             |   148 |   327 |   386 |       ||   861
       Mace              |       |       |    83 |   437 ||   520
Throw: Javelin           |       |       |     2 |     3 ||     5
       Stone             |       |       |     2 |       ||     2
Evoke: Wand              |       |       |    10 |     1 ||    11
  Use: Scroll            |       |       |     8 |    13 ||    21
       Potion            |       |       |     1 |     1 ||     2
  Eat: Chunk             |     1 |     9 |    16 |     9 ||    35
       Ration            |       |       |       |     1 ||     1
Armor: Scale mail        |    98 |   231 |   268 |   203 ||   800
Dodge: Dodged            |    64 |   105 |   113 |   116 ||   398
Block: Shield            |    78 |   220 |   255 |   210 ||   763
       Buckler           |       |       |       |     7 ||     7
